 Dungeon Crawl Stone Soup version 0.30.0 (webtiles) character file.

Game seed: 1516387601225328177

397589 greasedhog the Slayer (level 23, -6/174 HPs)
             Began as a Gargoyle Fighter on May 6, 2023.
             Was a High Priest of Qazlal.
             Killed from afar by a fire dragon (28 damage)
             ... with a blast of flame
             ... on level 3 of the Depths.
             The game lasted 01:12:42 (38645 turns).

greasedhog the Slayer (Gargoyle Fighter)           Turns: 38645, Time: 01:12:42

Health: -6/174     AC: 51    Str: 36    XL:     23   Next: 23%
Magic:  34/39      EV:  9    Int: 10    God:    Qazlal [*****.]
Gold:   5596       SH: 26    Dex:  9    Spells: 22/22 levels left

rFire   . . .        E - +7 morningstar (heavy)
rCold   + + .        V - +0 tower shield
rNeg    + . .        P - +3 plate armour
rPois   ∞            c - +2 helmet {SInv}
rElec   +            L - +2 cloak {rCorr}
rCorr   +            U - +2 pair of gloves {Stlth+}
SInv    +            n - +2 pair of boots "Siah" {+Inv rPois Str+3}
Will    ++...        K - amulet "Hent" {Acrobat rC+ Regen+ Str+3} Stlth
                     Y - ring of protection from cold
HPRegen 1.29/turn    R - ring of the Octopus King {Fly HP+2 AC+2 EV+2 SH+2}
MPRegen 0.26/turn

%: repel missiles, acrobat
@: flying
A: sickness immunity, AC +17, big wings, negative energy resistance 1,
electricity resistance, torment resistance 1, petrification resistance,
strong-willed 1, passive freeze
}: 2/15 runes: barnacled, gossamer
a: Renounce Religion, Evoke Invisibility, Upheaval, Elemental Force, Disaster
Area


You were on level 3 of the Depths.
You worshipped Qazlal.
Qazlal was extremely pleased with you.
You visited 8 branches of the dungeon, and saw 38 of its levels.
You also visited: Sewer.

You collected 7142 gold pieces.
You spent 1546 gold pieces at shops.

Inventory:

Hand Weapons
 E - a +7 heavy morningstar (weapon)
Missiles
 l - 9 throwing nets (quivered)
 q - 8 curare-tipped darts
Armour
 c - a +2 helmet of see invisible (worn)
 n - the +2 pair of boots "Siah" (worn) {+Inv rPois Str+3}
   (You found it on level 3 of the Dungeon)

   Str:       It affects your strength (+3).
   rPois:     It protects you from poison.
   +Inv:      It lets you turn invisible.
 L - a +2 cloak of preservation (worn)
 P - a +3 plate armour (worn)
 T - +0 fire dragon scales
 U - a +2 pair of gloves of stealth (worn)
 V - a +0 tower shield (worn)
Jewellery
 f - a ring of positive energy
 K - the amulet "Hent" (around neck) {Acrobat rC+ Regen+ Str+3}
   (You bought it in a shop on level 2 of the Orcish Mines)

   [amulet of the acrobat]

   It increases your evasion while moving and waiting.
   Str:       It affects your strength (+3).
   rC:        It protects you from cold.
   Regen:     It increases your rate of health regeneration.
 Q - the amulet of Luil {Reflect rElec rPois rCorr Int-5 SH+5}
   (You bought it in a shop on level 2 of the Orcish Mines)

   [amulet of reflection]

   It reflects blocked missile attacks.
   Int:       It affects your intelligence (-5).
   rElec:     It insulates you from electricity.
   rPois:     It protects you from poison.
   rCorr:     It protects you from acid and corrosion.
   SH:        It affects your SH (+5).
 R - a ring of the Octopus King (right hand) {Fly HP+2 AC+2 EV+2 SH+2}
   (You found it on level 2 of the Lair of Beasts)

   [ring of flight]

   AC:        It affects your AC (+2).
   EV:        It affects your evasion (+2).
   HP:        It affects your health (+2).
   Fly:       It grants you flight.
   SH:        It affects your SH (+2).
 W - an amulet of reflection
 X - a +6 ring of intelligence
 Y - a ring of protection from cold (left hand)
Wands
 o - a wand of mindburst (25)
 v - a wand of iceblast (51)
 A - a wand of polymorph (9)
 H - a wand of digging (8)
 M - a wand of quicksilver (14)
 N - a wand of flame (85)
 O - a wand of paralysis (29)
Scrolls
 a - 2 scrolls of brand weapon
 h - 7 scrolls of fog
 j - 22 scrolls of identify
 k - 5 scrolls of amnesia
 s - 6 scrolls of magic mapping
 w - 6 scrolls of poison
 x - 14 scrolls of teleportation
 y - 9 scrolls of enchant armour
 z - 5 scrolls of blinking
 F - 16 scrolls of immolation
 I - 4 scrolls of butterflies
 J - 11 scrolls of fear
 Z - a scroll of silence
Potions
 b - 11 potions of lignification
 d - 8 potions of might
 e - 12 potions of mutation
 g - 9 potions of haste
 i - 27 potions of curing
 m - 2 potions of invisibility
 p - 4 potions of magic
 r - 8 potions of cancellation
 t - 15 potions of heal wounds
 u - 11 potions of ambrosia
 B - 3 potions of berserk rage
 C - 3 potions of brilliance
 G - a potion of attraction
 S - 2 potions of resistance
Miscellaneous
 D - a condenser vane


   Skills:
 * Level 25.9 Fighting
 - Level 16.0 Maces & Flails
 - Level 11.0 Armour
 - Level 16.5 Shields
 + Level 25.7 Invocations


You had 22 spell levels left.
You didn't know any spells.
Your spell library contained the following spells:

 Spells                   Type           Power      Damage    Failure   Level
 Apportation              Tloc           0%         N/A       97%         1
 Magic Dart               Conj           0%         1d3       97%         1
 Necrotise                Necr           0%         1d4       97%         1
 Summon Small Mammal      Summ           0%         N/A       97%         1
 Call Imp                 Summ           0%         N/A       99%         2
 Hailstorm                Conj/Ice       0%         3d3       100%        3
 Inner Flame              Hex/Fire       0%         N/A       100%        3
 Mephitic Cloud           Conj/Pois/Air  0%         N/A       100%        3
 Ozocubu's Armour         Ice            0%         N/A       100%        3
 Vampiric Draining        Necr           0%         2d6       100%        3
 Flame Wave               Conj/Fire      0%         2d4       100%        4
 Ice Form                 Ice/Tmut       0%         N/A       100%        4
 Petrify                  Tmut/Erth      0%         N/A       100%        4
 Sticky Flame             Conj/Fire      0%         2d3       100%        4
 Summon Ice Beast         Ice/Summ       0%         N/A       100%        4
 Summon Lightning Spire   Summ/Air       0%         N/A       100%        4
 Agony                    Necr           0%         N/A       100%        5
 Alistair's Intoxication  Tmut/Pois      0%         N/A       100%        5
 Fireball                 Conj/Fire      0%         3d3       100%        5
 Irradiate                Conj/Tmut      0%         3d11      100%        5
 Metabolic Englaciation   Hex/Ice        0%         N/A       100%        5
 Summon Forest            Summ/Tloc      0%         N/A       100%        5
 Summon Mana Viper        Hex/Summ       0%         N/A       100%        5
 Conjure Ball Lightning   Conj/Air       0%         3x3d6     100%        6
 Eringya's Noxious Bog    Tmut/Pois      0%         N/A       100%        6
 Plasma Beam              Fire/Air       0%         2x1d11    100%        6
 Simulacrum               Ice/Necr       0%         N/A       100%        6
 Summon Cactus Giant      Summ           0%         N/A       100%        6
 Monstrous Menagerie      Summ           0%         N/A       100%        7
 Ozocubu's Refrigeration  Ice            0%         4d7       100%        7
 Storm Form               Tmut/Air       0%         N/A       100%        7
 Summon Hydra             Summ           0%         N/A       100%        7
 Discord                  Hex            0%         N/A       100%        8
 Disjunction              Tloc           0%         N/A       100%        8
 Maxwell's Capacitive Co  Air            0%         ∞         100%        8
 Fire Storm               Conj/Fire      0%         5d1       100%        9
 Sublimation of Blood     Necr           Unusable   N/A       N/A         2
 Statue Form              Tmut/Erth      Unusable   N/A       N/A         6

Dungeon Overview and Level Annotations

Branches:
Dungeon (15/15)            Temple (1/1) D:7            Lair (5/5) D:9
 Shoals (4/4) Lair:3       Spider (4/4) Lair:3        Slime (0/5) Lair:4
    Orc (2/2) D:11            Elf (0/3) Orc:2        Vaults (4/5) D:13
  Crypt (0/3) Vaults:3     Depths (3/4) D:15          Sewer (visited)

Altars:
Ashenzari
Cheibriados
Dithmenos
Elyvilon
Fedhas
Gozag
Hepliaklqana
Kikubaaqudgha
Makhleb
Nemelex Xobeh
Okawaru
Qazlal
Ru
Sif Muna
Trog
Uskayaw
Vehumet
Wu Jian
Xom
Yredelemnul
Zin
The Shining One
Jiyva
Lugonu

Shops:
D:6 [   D:11 =*   Orc:1 (   Orc:2 (**(=   Shoals:1 (   Vaults:3 !
Vaults:4 !((

Portals:
Hell: Lair:5 Depths:1 Depths:2
Abyss: Depths:1 Depths:3
Pandemonium: Depths:2
Ziggurat: Depths:2
Trove: D:15 (give 2 scrolls of acquirement)

Annotations:
D:6 2 runed translucent doors, Valagong's ghost, novice MiFi


Innate Abilities, Weirdness & Mutations

You are immune to sickness and miasma.
Your stone body is resilient. (AC +17)
You are immune to poison.
Your large and strong wings let you fly.
You resist negative energy. (rN+)
You are resistant to electric shocks. (rElec)
You are resistant to unholy torment.
You are immune to petrification.
You are strong-willed. (Will+)
A frigid envelope surrounds you and freezes all who hurt you.


Message History

The iron troll is lightly wounded.
You block the iron troll's attack. The fire dragon breathes flames at you.
The blast of flame hits you!!!
* * * LOW HITPOINT WARNING * * *
You crush the vampire knight like a grape!!!
The vampire knight is severely damaged.
You block the deep troll's attack.
The deep troll claws you but does no damage. x2
The deep troll is very cold.
The deep troll is lightly wounded.
You block the vampire knight's attack. The vampire knight closely misses you.
You block the deep troll's attack. The deep troll barely misses you.
You block the deep troll's attack.
The sphinx casts a spell.
Something smites you!
* * * LOW HITPOINT WARNING * * *
You block the vampire knight's attack. The vampire knight closely misses you.
The fire dragon bites you but does no damage.
The fire dragon is frozen!
The fire dragon is very cold.
The fire dragon is severely wounded.
The fire dragon claws you but does no damage.
The fire dragon is frozen!
The fire dragon is very cold.
The fire dragon is severely wounded.
The fire dragon closely misses you.
You feel much better.
The deep troll bites you but does no damage.
The deep troll is very cold.
The deep troll is moderately wounded.
You block the deep troll's attack. x2; You block the vampire knight's attack.
The vampire knight completely misses you.
The iron troll bites you.
* * * LOW HITPOINT WARNING * * *
The iron troll barely misses you.
The iron troll claws you but does no damage.
The iron troll resists.
The iron troll is very cold.
The iron troll is lightly wounded.
The fire dragon breathes flames at you. The blast of flame hits you!!
You die...

### ###### #.#
##....#######.#
#°_°#.........#
###∩##########.# #.### #.#
§ #.######## ###V# ./~
###.#......###.#@####.....
>...'.........)TTD........
.##.#........###C######.##
....############WH##
#...#.#..≈......T.†###)..
.....<#.###.##.#..)D*.≈[.
#######.# #.#....)[..#.≈#
#.# #.##≈#...[V.D$# ..#
#..#.#.#†...≈).


You could see a frost giant, a fire dragon (catching breath), a sphinx, an iron
troll, a vampire knight (fast, invisible), a flayed ghost and 2 deep trolls.

Vanquished Creatures
  A dread lich (Depths:2)
  Mara (Depths:2)
  A juggernaut (Depths:2)
  Bai Suzhen (Depths:2)
  A caustic shrike (Depths:3)
  2 golden dragons (Depths:3)
  Nikola (Shoals:1)
  2 tentacled monstrosities
  Jorgrun (Shoals:1)
  2 liches
  A walking crystal tome (Depths:2)
  2 walking earthen tomes
  2 krakens
  Gastronok (Orc:1)
  Polyphemus (Shoals:3)
  4 tengu reavers
  2 sphinxes
  The ghost of Detar the Severer, an adept HOFi of Beogh (Spider:2)
  2 storm dragons
  Ilsuiw (Shoals:3)
  4 fire giants
  3 emperor scorpions
  A juggernaut zombie (Depths:1)
  An emperor scorpion (shapeshifter) (Vaults:4)
  12 vault wardens
  6 frost giants
  3 ghost moths (Spider:4)
  4 ironbound thunderhulks
  25 very ugly things
  A broodmother (Spider:1)
  7 stone giants
  21 ironbound preservers
  4 orc warlords
  2 war gargoyles
  8 dire elephants
  Snorg (D:12)
  11 spark wasps
  A deep elf death mage (Vaults:3)
  2 ettins
  8 merfolk impalers
  5 great orbs of eyes
  5 merfolk javelineers
  2 crystal guardians (Vaults:3)
  4 fire dragons
  Harold (Orc:2)
  7 ice dragons
  A spriggan air mage (Depths:2)
  10 yaktaur captains
  6 jorogumos
  12 vault guards
  2 rakshasas (Depths:2)
  An entropy weaver (Vaults:4)
  A spriggan skeleton (Depths:3)
  5 hydras
  5 peacekeepers
  A merfolk avatar (Shoals:3)
  8 ironbound frosthearts
  A catoblepas (Shoals:3)
  2 radroaches
  A two-headed ogre (D:13)
  16 centaur warriors
  10 death scarabs (Spider:4)
  12 boulder beetles
  7 merfolk aquamancers
  3 alligator snapping turtles
  7 tengu warriors
  A death knight (Vaults:3)
  A titan zombie (Vaults:3)
  4 death yaks (Shoals:3)
  5 deep troll shamans
  5 deep troll earth magi
  A spriggan berserker (Depths:2)
  2 vampire magi
  A storm dragon zombie (Depths:3)
  11 hell knights
  4 orc high priests (Orc:2)
  A spectral emperor scorpion (Spider:4)
  4 sun demons (Shoals:3)
  2 spriggans (Depths:2)
  5 skysharks
  5 sun moths
  2 storm dragon skeletons
  A sixfirhy (Lair:5)
  3 iron trolls
  18 sea snakes
  Lodul (D:10)
  8 pharaoh ants
  A skeletal warrior (Vaults:3)
  59 deep trolls
  A spark wasp zombie (Depths:1)
  A flayed ghost (Depths:1)
  An orange crystal statue (Depths:1)
  11 orb spiders
  An orb spider (shapeshifter) (Vaults:2)
  6 steelbarb worms
  17 lindwurms
  11 necromancers
  Pikel (D:5)
  3 phantasmal warriors
  5 wolf spider zombies (Spider:3)
  A spectral jorogumo (Spider:4)
  15 wizards
  13 ironbound convokers
  24 wolf spiders
  4 orc knights
  11 harpies
  5 spectral wolf spiders
  15 cyclopes
  2 orc sorcerers (Orc:2)
  A stone giant zombie (Depths:1)
  8 fauns
  52 ugly things
  5 moths of wrath
  A manticore (shapeshifter) (D:14)
  12 elephants
  A stone giant skeleton (Depths:1)
  13 manticores
  7 black mambas
  A fire giant skeleton (Depths:1)
  An iron dragon skeleton (Depths:3)
  A smoke demon (Lair:5)
  25 slime creatures
  7 water nymphs
  9 merfolk sirens
  7 demonic crawlers
  5 torpor snails
  17 cane toads
  A gargoyle (D:14)
  4 orange demons (Lair:5)
  A cane toad (shapeshifter) (D:15)
  22 vault sentinels
  A kobold demonologist (D:9)
  A yaktaur zombie (Vaults:3)
  A spectral redback (Spider:4)
  A tengu conjurer (Depths:2)
  19 yaktaurs
  2 efreet (D:14)
  10 komodo dragons
  3 unseen horrors
  6 rime drakes
  A redback zombie (Spider:4)
  2 ice devils (Lair:5)
  A tengu simulacrum (Depths:1)
  30 merfolk
  5 wolf spider simulacra (Spider:3)
  4 wind drakes
  10 trolls
  6 polar bears
  4 hornets
  2 spectral tarantellas (Spider:4)
  28 tarantellas
  A polar bear (shapeshifter) (D:14)
  A spectral culicivora (Spider:4)
  3 spectral jumping spiders (Spider:4)
  Prince Ribbit (D:5)
  A tarantella zombie (Spider:4)
  14 blink frogs
  A jumping spider zombie (Spider:4)
  27 dream sheep
  9 snapping turtles
  15 culicivoras
  2 centaur simulacra (D:14)
  2 shadows
  40 jumping spiders
  A jumping spider (shapeshifter) (D:13)
  16 water elementals
  4 vampires
  9 wyverns
  A wyvern (shapeshifter) (D:13)
  A hog (D:11)
  6 wraiths
  3 fire bats (Lair:4)
  2 basilisks
  58 yaks
  19 humans (D:13)
  A redback (shapeshifter) (D:13)
  46 redbacks
  3 vampire mosquitoes (D:13)
  A glowing shapeshifter zombie (Vaults:3)
  3 wargs (Orc:1)
  A redback simulacrum (D:15)
  3 hell hounds (Lair:5)
  3 acid dragons
  20 water moccasins
  2 ice beasts
  8 black bears
  21 orc warriors
  A sky beast (D:7)
  5 wolves (Lair:2)
  12 ogres
  A boggart (D:14)
  5 centaurs
  4 phantoms
  7 kobold brigands
  Blork the orc (D:5)
  14 bullfrogs
  5 scorpions
  8 wights
  17 killer bees
  A tengu skeleton (Depths:1)
  2 electric eels
  35 orc priests
  A jelly (D:8)
  Crazy Yiuf (D:5)
  5 hounds
  2 iguanas
  Ijyb (D:3)
  29 orc wizards
  A sleepcap (D:6)
  4 gnolls (D:4)
  8 adders
  A white imp (D:6)
  2 worms (D:2)
  3 dart slugs
  70 orcs
  2 endoplasms
  6 giant cockroaches
  5 goblins
  8 hobgoblins
  3 jackals (D:1)
  8 quokkas
  7 ball pythons
  4 bats
  7 frilled lizards
  54 kobolds
  9 rats
  4 plants (Shoals:3)
  4 tentacles
1637 creatures vanquished.

Vanquished Creatures (collateral kills)
  Mlioglotl (Shoals:1)
  Louise (D:15)
  A wolf spider (D:15)
3 creatures vanquished.

Vanquished Creatures (others)
  A vampire knight (Depths:2)
  A merfolk javelineer (Shoals:4)
  A tengu conjurer (Depths:2)
  A bush (Lair:4)
  7 fungi
  69 plants
  12 tentacles
92 creatures vanquished.

Grand Total: 1732 creatures vanquished

Notes
Turn   | Place    | Note
-------+----------+-------------------------------------------
     0 | D:1      | greasedhog the Gargoyle Fighter began the quest for the
                  | Orb.
     0 | D:1      | Reached XP level 1. HP: 14/14 MP: 1/1
    30 | D:1      | Reached XP level 2. HP: 16/19 MP: 2/2
   466 | D:1      | Reached XP level 3. HP: 13/24 MP: 3/3
  1044 | D:2      | Reached XP level 4. HP: 28/29 MP: 4/4
  1186 | D:2      | Found a glowing silver altar of Zin.
  1542 | D:2      | Found a faded altar of an unknown god.
  1745 | D:3      | Identified the +2 pair of boots "Siah" {+Inv rPois Str+3}
  1873 | D:3      | Noticed a phantom
  1909 | D:3      | Killed a phantom
  1910 | D:3      | Reached XP level 5. HP: 23/34 MP: 5/5
  2124 | D:3      | Found a glowing drain.
  2166 | Sewer    | Entered a sewer
  2191 | Sewer    | Noticed a kobold brigand
  2201 | Sewer    | Killed a kobold brigand
  2202 | Sewer    | Reached skill level 5 in Fighting
  2202 | Sewer    | Reached skill level 5 in Maces & Flails
  2202 | Sewer    | Reached XP level 6. HP: 30/40 MP: 6/6
  2388 | Sewer    | Reached XP level 7. HP: 13/44 MP: 7/7
  2619 | D:3      | You fall into a shaft and drop 1 floor!
  2652 | D:3      | Noticed Ijyb
  2662 | D:3      | Killed Ijyb
  3700 | D:4      | Reached XP level 8. HP: 42/52 MP: 8/8
  4115 | D:5      | Entered Level 5 of the Dungeon
  4317 | D:5      | Noticed Blork the orc
  4323 | D:5      | Killed Blork the orc
  4415 | D:5      | Noticed Prince Ribbit
  4438 | D:5      | Killed Prince Ribbit
  4551 | D:5      | Reached XP level 9. HP: 14/58 MP: 9/9
  4774 | D:5      | Noticed Pikel
  4790 | D:5      | Killed Pikel
  4791 | D:5      | Reached skill level 10 in Maces & Flails
  4888 | D:5      | Found a runed translucent door.
  4889 | D:5      | Noticed Crazy Yiuf
  4897 | D:5      | Killed Crazy Yiuf
  5452 | D:6      | Found a large runed translucent door.
  5452 | D:6      | Found a large runed translucent door.
  5453 | D:6      | Noticed Valagong's ghost (novice MiFi)
  5619 | D:6      | Found Omuosauw's Armour Shoppe.
  5627 | D:6      | Bought a +2 cloak of preservation for 236 gold pieces
  6542 | D:6      | Found a shimmering altar of Xom.
  6809 | D:6      | HP: 3/60 [wight/+3 morningstar (7)]
  6814 | D:6      | Reached XP level 10. HP: 31/66 MP: 10/10
  7105 | D:7      | Found a staircase to the Ecumenical Temple.
  7149 | Temple   | Entered the Ecumenical Temple
  7459 | D:7      | Reached skill level 10 in Fighting
  8758 | D:9      | Noticed a kobold demonologist
  8765 | D:9      | Noticed a rust devil
  8768 | D:9      | Noticed a rust devil
  8773 | D:9      | Killed a kobold demonologist
  8930 | D:9      | Reached XP level 11. HP: 73/73 MP: 11/11
  9626 | D:9      | Found a staircase to the Lair.
  9872 | D:10     | Entered Level 10 of the Dungeon
  9978 | D:10     | Found a hide-covered altar of Uskayaw.
  9982 | D:10     | Found a stormy altar of Qazlal.
  9983 | D:10     | Found a sacrificial altar of Ru.
  9984 | D:10     | Found a basalt altar of Yredelemnul.
  9984 | D:10     | Found a white marble altar of Elyvilon.
  9985 | D:10     | Found a burning altar of Makhleb.
  9988 | D:10     | Became a worshipper of Qazlal Stormbringer
  9991 | D:10     | Found a blossoming altar of Fedhas.
  9993 | D:10     | Found an ornate altar of the Wu Jian Council.
 10167 | D:10     | Noticed Lodul
 10190 | D:10     | Killed Lodul
 10439 | D:10     | Reached * piety under Qazlal
 10692 | Lair:1   | Entered Level 1 of the Lair of Beasts
 10792 | D:9      | Reached skill level 15 in Maces & Flails
 11113 | Lair:1   | Reached XP level 12. HP: 73/82 MP: 12/12
 11294 | Lair:1   | Reached ** piety under Qazlal
 11921 | Lair:1   | Reached skill level 1 in Invocations
 12351 | Lair:2   | You fall into a shaft and drop 1 floor!
 12399 | Lair:3   | Reached skill level 5 in Invocations
 12697 | Lair:2   | Found the ring of the Octopus King
 12708 | Lair:2   | Identified a ring of the Octopus King {Fly HP+2 AC+2 EV+2
                  | SH+2}
 13009 | Lair:3   | Reached *** piety under Qazlal
 13105 | Lair:3   | Found a hole to the Spider Nest.
 13108 | Lair:3   | Reached XP level 13. HP: 89/89 MP: 18/18
 13535 | Lair:3   | Found a staircase to the Shoals.
 14104 | Lair:4   | Reached skill level 10 in Invocations
 14107 | Lair:4   | Reached **** piety under Qazlal
 14376 | Lair:4   | Found a viscous altar of Jiyva.
 14376 | Lair:4   | Found a staircase to the Slime Pits.
 14782 | Lair:5   | Entered Level 5 of the Lair of Beasts
 14799 | Lair:5   | Reached skill level 15 in Fighting
 14959 | Lair:5   | Gained mutation: Your large and strong wings let you fly.
                  | [Gargoyle growth]
 14959 | Lair:5   | Reached XP level 14. HP: 98/98 MP: 21/23
 15017 | Lair:5   | Reached ***** piety under Qazlal
 15679 | Lair:5   | Reached skill level 5 in Armour
 15832 | Lair:5   | Found a burning altar of Makhleb.
 16051 | Lair:5   | Found a gateway to Hell.
 16459 | D:11     | Found a huge runed translucent gate.
 16460 | D:11     | Found a huge runed translucent gate.
 16460 | D:11     | Found a huge runed translucent gate.
 16460 | D:11     | Found a huge runed translucent gate.
 16635 | D:11     | Found a gate leading to a gauntlet.
 16778 | D:11     | Found Cydd's Jewellery Boutique.
 16791 | D:11     | Found Vuuf's Assorted Antiques.
 16855 | D:11     | Found a staircase to the Orcish Mines.
 17098 | D:11     | Found a shimmering altar of Xom.
 17299 | Orc:1    | Entered Level 1 of the Orcish Mines
 17303 | Orc:1    | Noticed Gastronok
 17311 | Orc:1    | Killed Gastronok
 17411 | Orc:2    | Entered Level 2 of the Orcish Mines
 17505 | Orc:2    | Reached skill level 15 in Invocations
 17723 | Orc:2    | Gained mutation: You occasionally lose the ability to read
                  | scrolls when taking damage. [a neqoxec]
 17777 | Orc:2    | Found a staircase to the Elven Halls.
 17901 | Orc:2    | Reached XP level 15. HP: 32/103 MP: 26/26
 18134 | Orc:2    | Found Jogiof's Assorted Antiques.
 18134 | Orc:2    | Found Jomop's Antique Weapon Emporium.
 18135 | Orc:2    | Found Nuzeh's Antique Weapon Shoppe.
 18139 | Orc:2    | Found Maocua's Jewellery Shoppe.
 18143 | Orc:2    | Bought the amulet "Hent" {Acrobat rC+ Regen+ Str+3} for 704
                  | gold pieces
 18143 | Orc:2    | Bought the amulet of Luil {Reflect rElec rPois rCorr Int-5
                  | SH+5} for 606 gold pieces
 18172 | Orc:2    | Reached ****** piety under Qazlal
 18298 | Orc:2    | Found Fyez's Overcharged Wands.
 18599 | Orc:1    | Found Jaiziumo's Weapon Emporium.
 18604 | Orc:1    | Noticed Harold
 18605 | Orc:1    | Noticed an orc warlord
 18633 | Orc:2    | Killed Harold
 18641 | Orc:2    | Killed an orc warlord
 18943 | D:12     | Noticed Snorg
 18953 | D:12     | Killed Snorg
 19932 | D:13     | Found a glowing silver altar of Zin.
 20235 | D:13     | Found a gate to the Vaults.
 20289 | D:13     | Found a glowing golden altar of the Shining One.
 20453 | D:13     | Reached skill level 10 in Armour
 20556 | D:14     | Reached XP level 16. HP: 108/108 MP: 28/28
 20792 | D:14     | Identified the amulet "Jaitoloh" {Rampage +Inv rPois Regen+
                  | Dex-5}
 21076 | D:15     | Entered Level 15 of the Dungeon
 21125 | D:15     | Noticed Louise
 21147 | D:15     | Killed Louise
 21200 | D:15     | Found a portal to a secret trove of treasure.
 21676 | D:15     | Found a staircase to the Depths.
 22031 | Spider:1 | Entered Level 1 of the Spider Nest
 22049 | Spider:1 | Reached skill level 5 in Shields
 22856 | Spider:2 | Found a runed translucent door.
 22857 | Spider:2 | Noticed Detar's ghost (adept HOFi)
 22927 | Spider:2 | Killed Detar's ghost
 23529 | Spider:3 | Reached XP level 17. HP: 104/113 MP: 30/30
 23557 | Spider:3 | Reached skill level 10 in Shields
 24788 | Spider:4 | Entered Level 4 of the Spider Nest
 25150 | Spider:4 | Lost mutation: You occasionally lose the ability to read
                  | scrolls when taking damage. [potion of mutation]
 25150 | Spider:4 | Gained mutation: A frigid envelope surrounds you and
                  | freezes all who hurt you. [potion of mutation]
 25150 | Spider:4 | Gained mutation: You are strong-willed. (Will+) [potion of
                  | mutation]
 26030 | Spider:4 | Reached XP level 18. HP: 119/119 MP: 32/32
 26336 | Spider:4 | Got a gossamer rune of Zot
 26541 | Shoals:1 | Entered Level 1 of the Shoals
 26648 | Shoals:1 | Found Zyucuo's Weapon Boutique.
 26890 | Shoals:1 | Noticed Jorgrun
 26901 | Shoals:1 | Killed Jorgrun
 26902 | Shoals:1 | Reached skill level 15 in Shields
 26969 | Shoals:1 | Noticed Nikola
 26984 | Shoals:1 | Killed Nikola
 27386 | Shoals:1 | Noticed Mlioglotl
 27393 | Shoals:1 | Killed Mlioglotl
 27785 | Shoals:2 | Identified the +2 leather armour of Springtime {rF+ rN+++
                  | Int-4}
 28674 | Shoals:3 | Noticed Ilsuiw
 28683 | Shoals:3 | Noticed Polyphemus
 28700 | Shoals:3 | Killed Polyphemus
 28701 | Shoals:3 | Reached XP level 19. HP: 70/125 MP: 33/33
 28726 | Shoals:3 | Killed Ilsuiw
 28783 | Shoals:3 | Identified the +9 quarterstaff "Killer Bee's Regret" {pain,
                  | Dex+4}
 29376 | Shoals:4 | Entered Level 4 of the Shoals
 29853 | Shoals:4 | Identified the staff of conjuration "Zialano" {+Blink rPois
                  | Will++ Str-5}
 29919 | Shoals:4 | Got the Disquisition on Phlogiston
 29993 | Shoals:4 | Identified the +10 dire flail of Cocytus {vamp, rF+ rCorr
                  | Str+3}
 30155 | Shoals:4 | Got a barnacled rune of Zot
 30799 | Vaults:1 | Entered Level 1 of the Vaults
 31622 | Vaults:1 | Reached XP level 20. HP: 137/137 MP: 35/35
 32358 | Vaults:2 | You are sucked into a shaft and drop 1 floor!
 33012 | Vaults:2 | Paralysed by a great orb of eyes for 4 turns
 33422 | Vaults:3 | Found Uckuk's Distillery.
 33589 | Vaults:3 | Identified the +1 quarterstaff of Sufficient Guilt {flame,
                  | *Slow Fragile rElec Int+6}
 33925 | Vaults:3 | Found a staircase to the Crypt.
 33993 | Vaults:3 | Reached XP level 21. HP: 125/148 MP: 36/36
 34728 | Vaults:4 | Found Zysilegg's Weapon Emporium.
 35491 | Vaults:4 | Found Qyshonum's Distillery.
 35852 | Vaults:4 | Found Diuh Mann's Weapon Shop.
 36047 | Depths:1 | Entered Level 1 of the Depths
 36098 | Depths:1 | Found a sacrificial altar of Ru.
 36129 | Depths:1 | Identified a scroll of acquirement
 36130 | Depths:1 | Acquired 531 gold pieces
 36241 | Depths:1 | Reached XP level 22. HP: 81/160 MP: 27/38
 36878 | Depths:1 | Found a one-way gate to the infinite horrors of the Abyss.
 37238 | Depths:2 | Noticed a juggernaut
 37255 | Depths:2 | Killed a juggernaut
 37400 | Depths:2 | Identified the +1 sling of the Pyrrhic Victory {heavy,
                  | Drain rPois Will+}
 37716 | Depths:2 | Noticed Mara
 37741 | Depths:2 | Killed Mara
 37846 | Depths:2 | Found a one-way gate leading to the halls of Pandemonium.
 38142 | Depths:2 | Noticed Bai Suzhen
 38150 | Depths:2 | Killed Bai Suzhen
 38193 | Depths:2 | Found a one-way gateway to a ziggurat.
 38193 | Depths:2 | Noticed a dread lich
 38211 | Depths:2 | Paralysed by a dread lich for 4 turns
 38217 | Depths:2 | Killed a dread lich
 38254 | Depths:2 | Paralysed by a vampire knight for 5 turns
 38284 | Depths:2 | Found the +3 giant club "Skullcrusher" {speed, Str+7}
 38533 | Depths:3 | Found a corrupted altar of Lugonu.
 38575 | Depths:3 | Noticed a caustic shrike
 38583 | Depths:3 | Noticed a golden dragon
 38592 | Depths:3 | Killed a caustic shrike
 38592 | Depths:3 | Killed a golden dragon
 38593 | Depths:3 | Reached XP level 23. HP: 140/172 MP: 25/39
 38606 | Depths:3 | Noticed a golden dragon
 38627 | Depths:3 | Killed a golden dragon
 38644 | Depths:3 | HP: 7/174 [sphinx/divine providence (8)]
 38645 | Depths:3 | Killed from afar by a fire dragon

Illustrated notes

Levels and vault maps discovered:
D:1:      nzn_arrival_water_spiral, layout_loops_cross, grunt_decor_resistance,
          lexackson_kobold_supper
D:2:      layout_basic, basic_altar, basic_ecumenical_altar, skrybe_limestone_x,
          minmay_cut_off
D:3:      layout_basic, portal_sewer_entry_f, uniq_ijyb
D:4:      layout_basic, mrwooster_statue_mirror, minmay_cupped
D:5:      layout_basic, eino_small_chamber_without_monster,
          uniq_crazy_yiuf_cottage, uniq_prince_ribbit1, uniq_pikel,
          uniq_blork_the_orc
D:6:      kennysheep_kobold_camp, layout_loops_ring, lemuel_tele_altar,
          serial_shops, nicolae_shop_tiny_waterfront,
          ebering_ghost_disaster_area, grunt_decor_clamped
D:7:      layout_basic, minmay_temple_entry_antechambers
D:8:      layout_rooms, minmay_misc_feat_diagonals, minmay_curled_crystal
D:9:      layout_basic, lair_entry_dummy
D:10:     layout_basic, minitemple, uniq_lodul
D:11:     lemuel_bear_cage, layout_gridville, david_orc_3,
          gauntlet_entry_generic, nicolae_wooded_promenade, xom_teletrap_fun
D:12:     layout_cave_pools, serial_co_window_serial, co_window_corner_a,
          co_window_of_opportunity_a, co_window_paths_a, co_window_corner_a,
          co_window_of_opportunity_a, co_window_corner_a, co_window_cross_3,
          co_window_corner_ca, co_window_paths_c, co_window_broadway_a,
          co_window_corner_ca, co_window_2corner, glass_columns_a,
          glass_columns_a, uniq_snorg
D:13:     layout_loops_cross, grunt_vaults_entry_tiered,
          hangedman_feature_mirror
D:14:     minmay_concentric_multi, layout_cave_pools
D:15:     grunt_enter_depths_snipers, layout_irregular_city,
          nicolae_trove_entry_free_sample, minmay_misc_feat_alley, uniq_louise
Temple:   nicolae_temple_god_jail
Lair:1:   layout_chaotic_city, patterned_corridor, grunt_megastairs_5,
          lemuel_fruit_fields, infiniplex_staircase_pool_2
Lair:2:   layout_roguey, serial_bayou_shore_a, serial_bayou_shore_b,
          grunt_megastairs_1
Lair:3:   layout_regular_city, elwin_shoals_entry_rooms,
          spider_nest_entry_funnel_web
Lair:4:   layout_gridlike, dpeg_slime_entry_enclosed,
          nicolae_volcano_entry_batcave, beast_lair_carwin_9
Lair:5:   evil_forest, layout_big_grid
Shoals:1: layout_shoals, serial_shops, shop, uniq_jorgrun, uniq_nikola,
          uniq_mlioglotl
Shoals:2: cheibrodos_shoals_three_sisters, layout_shoals,
          nicolae_shoals_dead_sea_scrolls
Shoals:3: layout_shoals, nicolae_shoals_seven_spires,
          nicolae_shoals_bring_sunscreen, uniq_polyphemus, uniq_ilsuiw
Shoals:4: shoals_end_grunt_ice, layout_shoals
Spider:1: layout_spider_delve, nicolae_spider_bug_shape
Spider:2: layout_cave_pods, ebering_ghost_inner_flame
Spider:3: layout_chambers, nicolae_spider_undead_wolf_pack
Spider:4: floodkiller_spider_rune_tomb, guppyfry_spider_mini_1
Orc:1:    layout_diamond_mine, serial_shops, nicolae_shop_bloodbath_and_beyond,
          uniq_harold, uniq_gastronok
Orc:2:    st_orc_mages, layout_caves, nicolae_shop_overcharged_wands
Vaults:1: nicolae_vaults_little_squares_5, nicolae_vaults_storage_closets_2,
          vaults_room_pools, v_misc_16, grunt_vaults_trifunnel,
          nicolae_vaults_hexular_roomagon, v_misc_29, v_pattern_5,
          nicolae_vaults_sightless_eye, hangedman_vaults_snaps,
          vaults_room_pool, nicolae_vaults_tetromino_T_1, layout_vaults_ring
Vaults:2: ontoclasm_vaults_misaligned, ontoclasm_vaults_shuriken,
          grunt_vaults_bifocal, v_misc_19, nicolae_vaults_hallways_thing,
          vaults_standard_mumra_lines, nicolae_vaults_murder_corner,
          nicolae_vaults_variable_pillar_hall, nicolae_vaults_specimen_jars,
          dpeg_vaults_monster_box, nicolae_vaults_house_1,
          nicolae_vaults_trapezoid_2, layout_vaults_omnigrid
Vaults:3: v_misc_19, minmay_crypt_entry_simple_sparse,
          hangedman_vaults_variations, hangedman_vaults_pinch,
          nicolae_vaults_asterisk, nicolae_vaults_apartment_1,
          nicolae_vaults_ellipses_ellipsis, nicolae_vaults_trapezoid_1,
          ontoclasm_vaults_ligature, nicolae_vaults_wine_cellar, v_misc_16,
          nicolae_vaults_network_s, nicolae_vaults_heist, layout_vaults_omnibox,
          serial_shops, nicolae_shop_industrial_runoff
Vaults:4: grunt_vaults_funneled_arena, vaults_dpeg_encased_lava,
          vaults_dpeg_hooks, v_misc_1, v_misc_14,
          nicolae_vaults_shrinking_rooms_1, nicolae_vaults_house_1, v_pattern_3,
          nicolae_vaults_shelves_hall, layout_vaults_chaotic_city, serial_shops,
          shop, nicolae_shop_mannequins, shop
Depths:1: layout_basic, abyss_entry, chequers_serial_rivers_small_3,
          grunt_hell_entry_dis_grunt, minivault_16, nicolae_ru_awakened_eye,
          grunt_megastairs_3, infiniplex_staircase_pool_lava
Depths:2: cross_vault, layout_basic, enter_ziggurat_d, pan_entry, hell_entry,
          roderic_lattice_a, uniq_mara, uniq_bai_suzhen
Depths:3: minmay_guarded_unrand_guard, layout_basic, grunt_metal_band,
          serial_co_window_serial, co_window_corner_a, co_window_paths_a,
          co_window_of_opportunity_a, co_window_of_opportunity_a,
          co_window_corner_a, co_window_corner_a, co_window_broadway_a,
          co_window_corner_b, co_window_of_opportunity_c, co_window_corner_ca,
          co_window_paths_c, co_window_2corner, co_window_4corner_b,
          glass_columns_b, glass_columns_a, glass_columns_b, glass_columns_a,
          glass_columns_a, nicolae_qazlal_scattered_showers,
          abyss_entry_flame_altar, nemelex_xobeh_ov_fountains_minmay

Skill      XL: |  1  2  3  4  5  6  7  8  9 10 11 12 13 14 15 16 17 18 19 20 21 22 |
---------------+-------------------------------------------------------------------+-----
Maces & Flails | 3 4 5 6 7 9 11 13 15 16 | 16.0
Fighting       | 4 5 6 7 9 10 12 13 15 16 18 21 23 25 | 25.9
Invocations    | 7 12 15 17 19 20 21 22 23 24 25 | 25.7
Armour         | 7 10 11 | 11.0
Shields        | 9 14 16 | 16.5

Action                     |  1- 3 |  4- 6 |  7- 9 | 10-12 | 13-15 | 16-18 | 19-21 | 22-24 || total
---------------------------+-------+-------+-------+-------+-------+-------+-------+-------++-------
  Melee: Flail             |   162 |   197 |   270 |       |       |       |       |       ||   629
         Whip              |       |       |   234 |     6 |       |       |       |       ||   240
         Morningstar       |       |       |       |   710 |   799 |   926 |   991 |   376 ||  3802
  Throw: Throwing net      |       |       |       |       |       |     1 |       |       ||     1
 Invoke: Upheaval          |       |       |       |       |     3 |     4 |     4 |     6 ||    17
         Elemental Force   |       |       |       |       |       |     3 |       |       ||     3
         Disaster Area     |       |       |       |       |       |     2 |     2 |     6 ||    10
  Evoke: Wand              |       |       |       |       |       |       |       |     1 ||     1
    Use: Scroll            |       |       |    12 |     9 |    10 |     3 |     7 |       ||    41
         Potion            |       |       |     1 |       |       |     1 |     1 |     1 ||     4
   Stab: Paralysed         |       |       |       |       |       |     2 |       |       ||     2
         Held in net/web   |       |       |       |       |       |     1 |       |       ||     1
 Armour: Scale mail        |    91 |    45 |       |       |       |       |       |       ||   136
         Chain mail        |       |   113 |   320 |   181 |       |       |       |       ||   614
         Plate armour      |       |       |       |   317 |   518 |   789 |   556 |   228 ||  2408
  Dodge: Dodged            |    72 |   101 |   144 |   213 |   294 |   421 |   292 |   114 ||  1651
         Repelled          |       |       |       |       |     4 |     7 |    10 |     6 ||    27
  Block: Buckler           |    40 |    45 |    69 |   136 |   516 |    64 |       |       ||   870
         Tower shield      |       |       |       |       |       |  1618 |  1422 |   475 ||  3515
